 Dungeon Crawl Stone Soup version 0.27.1-4-g1640c2035a (webtiles) character file.

Game seed: 3022281534947593245

2389 bellerephron the Eye of the Storm (level 9, -2/66 HPs)
             Began as a Demonspawn Fighter on Nov 7, 2021.
             Was a Priest of Qazlal.
             Slain by a two-headed ogre (9 damage)
             ... on level 7 of the Dungeon on Nov 9, 2021.
             The game lasted 00:18:29 (7614 turns).

bellerephron the Eye of the Storm (DsFi)            Turns: 7614, Time: 00:18:30

Health: -2/66      AC: 11    Str: 19    XL:     9   Next: 22%
Magic:  0/13       EV:  7    Int:  9    God:    Qazlal [***...]
Gold:   237        SH:  9    Dex: 14    Spells: 8/8 levels left

rFire    . . .     SeeInvis +   a - +0 long sword
rCold    . . .     Faith    .   p - +0 buckler
rNeg     . . .     Spirit   +   e - +0 chain mail
rPois    .         Reflect  .   (helmet unavailable)
rElec    .         Harm     .   (no cloak)
rCorr    .         Rampage  .   (no gloves)
Will     .....                  D - +0 pair of boots
Stlth    ..........             x - amulet of guardian spirit
HPRegen  0.21/turn              (no ring)
MPRegen  0.26/turn              (no ring)

@: no status effects
A: antennae 3, hooves 1, powered by death 1, magic shield, magic regeneration
a: Renounce Religion, Upheaval, Elemental Force


You were on level 7 of the Dungeon.
You worshipped Qazlal.
Qazlal was most pleased with you.
You visited 2 branches of the dungeon, and saw 8 of its levels.

You collected 237 gold pieces.

Inventory:

Hand Weapons
 a - a +0 long sword (weapon)
 g - a +3 dagger of venom
Missiles
 f - 46 poisoned darts (quivered)
 l - 172 stones
 E - 2 throwing nets
Armour
 c - a +0 kite shield
 e - a +0 chain mail (worn)
 n - a +0 tower shield
 p - a +0 buckler (worn)
 A - a +0 plate armour
 D - a +0 pair of boots (worn)
Jewellery
 b - a +4 ring of evasion
 x - an amulet of guardian spirit (around neck)
Wands
 k - a wand of mindburst (9)
 o - a wand of flame (12)
 v - a wand of iceblast (10)
 B - a wand of paralysis (20)
Scrolls
 i - 2 scrolls of torment
 q - 2 scrolls of silence {unknown}
 s - a scroll of vulnerability
 t - 2 scrolls of magic mapping
 u - a scroll of enchant weapon
 y - a scroll of fog {unknown}
 C - a scroll of holy word {unknown}
Potions
 d - a potion of might
 h - 2 potions of curing
 j - a potion of berserk rage {unknown}
 m - a potion of lignification {unknown}
 r - a potion of attraction {unknown}
 w - a potion of mutation {unknown}
 z - a potion of flight


   Skills:
 + Level 4.5 Fighting
 + Level 6.3 Long Blades
 + Level 2.4 Throwing
 + Level 5.1 Armour
 - Level 0.1 Dodging
 * Level 6.3 Shields
 * Level 6.4 Invocations


You had 8 spell levels left.
You didn't know any spells.
Your spell library contained the following spells:

 Spells                   Type           Power      Damage    Failure   Level
 Magic Dart               Conj           0%         1d3       99%         1
 Ensorcelled Hibernation  Hex/Ice        0%         N/A       99%         2
 Searing Ray              Conj           0%         3d3       99%         2
 Slow                     Hex            0%         N/A       99%         2
 Sublimation of Blood     Necr           0%         N/A       99%         2
 Wereblood                Tmut           0%         N/A       99%         2
 Call Canine Familiar     Summ           0%         N/A       100%        3
 Confusing Touch          Hex            0%         N/A       100%        3
 Frozen Ramparts          Ice            0%         1d2       100%        3
 Portal Projectile        Hex/Tloc       0%         N/A       100%        3
 Spider Form              Tmut/Pois      0%         N/A       100%        3
 Stone Arrow              Conj/Erth      0%         3d7       100%        3
 Vampiric Draining        Necr           0%         2d6       100%        3
 Animate Armour           Summ/Erth      0%         N/A       100%        4
 Fulminant Prism          Conj/Hex       0%         3d6       100%        4
 Ice Form                 Ice/Tmut       0%         N/A       100%        4
 Leda's Liquefaction      Hex/Erth       0%         N/A       100%        4
 Summon Ice Beast         Ice/Summ       0%         N/A       100%        4
 Blade Hands              Tmut           0%         N/A       100%        5
 Excruciating Wounds      Necr           0%         N/A       100%        5
 Shadow Creatures         Summ           N/A        N/A       100%        6
 Summon Hydra             Summ           0%         N/A       100%        7
 Lehudib's Crystal Spear  Conj/Erth      0%         10d2      100%        8


Dungeon Overview and Level Annotations

Branches:
Dungeon (7/15)             Temple (1/1) D:4

Altars:
Ashenzari
Cheibriados
Dithmenos
Elyvilon
Fedhas
Gozag
Kikubaaqudgha
Makhleb
Nemelex Xobeh
Okawaru
Qazlal
Ru
Sif Muna
Trog
Uskayaw
Xom
Zin
The Shining One


Innate Abilities, Weirdness & Mutations

You have a pair of large antennae on your head. (SInv)
You have large cloven feet.
You regenerate a little health from kills.
When hurt, damage is shared between your health and your magic reserves.
You regenerate magic rapidly.


Message History

The two-headed ogre is lightly wounded.
You block the two-headed ogre's attack.
The two-headed ogre hits you with a +0 giant spiked club!
Unknown command.
You barely miss the two-headed ogre.
The two-headed ogre is lightly wounded.
You slash the two-headed ogre!
The two-headed ogre is moderately wounded.
The two-headed ogre barely misses you.
The two-headed ogre hits you with a +0 giant spiked club!
You hit the two-headed ogre but do no damage.
The two-headed ogre is moderately wounded.
The two-headed ogre hits you with a +0 giant club.
The two-headed ogre hits you with a +0 giant spiked club!
You closely miss the two-headed ogre.
The two-headed ogre is moderately wounded.
The two-headed ogre completely misses you.
The two-headed ogre hits you with a +0 giant spiked club!
You barely miss the two-headed ogre.
The two-headed ogre is heavily wounded.
You block the two-headed ogre's attack. The two-headed ogre barely misses you.
You hit the two-headed ogre.
The two-headed ogre is heavily wounded.
You block the two-headed ogre's attack.
The two-headed ogre hits you with a +0 giant spiked club!
* * * LOW HITPOINT WARNING * * *
Unknown command.
You hit the two-headed ogre.
The two-headed ogre is heavily wounded.
Unknown command.
You hit the two-headed ogre but do no damage.
The two-headed ogre is heavily wounded.
The two-headed ogre hits you with a +0 giant club!
* * * LOW HITPOINT WARNING * * *
You block the two-headed ogre's attack.
You hit the two-headed ogre but do no damage.
The two-headed ogre is heavily wounded.
The two-headed ogre looks more healthy.
You block the two-headed ogre's attack.
The two-headed ogre hits you with a +0 giant spiked club!
You die...

# #.#)#..>......
#.#.#)#<########
#.#.#.......+ #
#.#.#.#)########
#.#..........(.#
#.###...######## .######
#.# #...# #
......(####.###...# #
#(...(O@...†....########
####.####.........))....
#. #####..######### #.
#...######## #.
##...).....# #.
##.######.# #. #.# #..
#. #.# ### #.# #


You could see a two-headed ogre.

Vanquished Creatures
  A black bear (D:6)
  An orc warrior (D:5)
  An ice beast (D:5)
  A necrophage (D:7)
  2 sky beasts
  4 ogres
  A centaur (D:6)
  3 phantoms
  A kobold brigand (D:6)
  6 killer bees (D:7)
  5 wights (D:7)
  A centaur zombie (D:7)
  A bullfrog zombie (D:7)
  2 jellies
  A centaur skeleton (D:5)
  A hound (D:7)
  Jessica (D:2)
  2 iguanas
  Ijyb (D:5)
  A gnoll shaman (D:5)
  2 orc wizards
  7 gnolls
  8 adders
  A river rat (D:3)
  2 shadow imps (D:6)
  2 white imps
  An ufetubus (D:6)
  4 worms
  A dart slug (D:2)
  9 orcs
  12 ball pythons
  9 bats
  8 endoplasms
  2 giant cockroaches
  6 goblins
  9 hobgoblins
  11 jackals
  3 quokkas
  4 frilled lizards
  12 kobolds
  7 rats
157 creatures vanquished.

Notes
Turn   | Place    | Note
-------+----------+-------------------------------------------
     0 | D:1      | bellerephron the Demonspawn Fighter began the quest for the
                  | Orb.
     0 | D:1      | Reached XP level 1. HP: 18/18 MP: 1/1
   419 | D:1      | Gained mutation: You regenerate magic rapidly. [demonic
                  | ancestry]
   419 | D:1      | Reached XP level 2. HP: 24/24 MP: 2/2
   728 | D:1      | Found a faded altar of an unknown god.
   735 | D:1      | Became a worshipper of Qazlal Stormbringer
   735 | D:1      | Reached * piety under Qazlal
   815 | D:1      | Gained mutation: You have large cloven feet. [demonic
                  | ancestry]
   815 | D:1      | Reached XP level 3. HP: 29/29 MP: 3/3
  1125 | D:2      | Noticed Jessica
  1133 | D:2      | HP: 1/29 [Jessica/puff of flame (6)]
  1134 | D:2      | Killed Jessica
  1135 | D:2      | Reached skill level 1 in Invocations
  1135 | D:2      | Gained mutation: You regenerate a little health from kills.
                  | [demonic ancestry]
  1135 | D:2      | Reached XP level 4. HP: 7/35 MP: 4/4
  1957 | D:3      | Noticed a phantom
  1983 | D:3      | Killed a phantom
  1984 | D:3      | Gained mutation: You have a pair of small antennae on your
                  | head. [demonic ancestry]
  1984 | D:3      | Reached XP level 5. HP: 21/41 MP: 6/6
  2158 | D:3      | Found an opulent altar of Gozag.
  2162 | D:3      | Reached ** piety under Qazlal
  3115 | D:4      | Gained mutation: You have a pair of antennae on your head.
                  | [demonic ancestry]
  3115 | D:4      | Reached XP level 6. HP: 44/47 MP: 7/7
  3219 | D:5      | Entered Level 5 of the Dungeon
  3558 | D:4      | Found a staircase to the Ecumenical Temple.
  3565 | Temple   | Entered the Ecumenical Temple
  3996 | D:5      | Noticed an orc warrior
  4015 | D:5      | Killed an orc warrior
  4016 | D:5      | Gained mutation: You have a pair of large antennae on your
                  | head. (SInv) [demonic ancestry]
  4016 | D:5      | Reached XP level 7. HP: 14/52 MP: 9/9
  4528 | D:5      | Noticed Ijyb
  4537 | D:5      | Killed Ijyb
  4860 | D:5      | Reached skill level 5 in Shields
  5187 | D:5      | Reached skill level 5 in Long Blades
  5344 | D:5      | Found a bloodstained altar of Trog.
  5608 | D:5      | Reached XP level 8. HP: 43/60 MP: 6/11
  5853 | D:6      | Reached skill level 1 in Throwing
  6077 | D:6      | Identified the +8 whip of Rimouppaeh {speed, Stlth+}
  6106 | D:6      | Reached skill level 5 in Invocations
  6864 | D:7      | Gained mutation: When hurt, damage is shared between your
                  | health and your magic reserves. [demonic ancestry]
  6864 | D:7      | Reached XP level 9. HP: 29/66 MP: 3/13
  7332 | D:7      | Reached skill level 5 in Armour
  7547 | D:7      | Reached *** piety under Qazlal
  7598 | D:7      | Noticed a two-headed ogre
  7614 | D:7      | Slain by a two-headed ogre

Illustrated notes

Levels and vault maps discovered:
D:1:      minmay_arrival_five_plusses, layout_rooms,
          dilly_ecumenical_altar_fadedgnrine
D:2:      layout_rooms, uniq_jessica
D:3:      layout_basic, nicolae_gozag_seed_capital, gup_sewer_entry_bubbles
D:4:      layout_cave_pools, temple_green
D:5:      layout_layer_cave, lemuel_round_altar, uniq_ijyb
D:6:      layout_rooms, wad_floor_pattern_2, lemuel_another_geyser
D:7:      layout_loops_ring, serial_shops, kennysheep_mini,
          minmay_fire_ice_demons
Temple:   eino_temple_rhombus

Skill      XL: |  1  2  3  4  5  6  7  8  9 |
---------------+----------------------------+-----
Long Blades    | 2 3 4 5 6 |  6.3
Shields        | 3 4 5 6 |  6.3
Invocations    | 1 2 3 4 6 |  6.4
Armour         | 3 4 5 |  5.1
Fighting       | 4 |  4.5
Throwing       | 2 |  2.4
Dodging        | |  0.1

Action                   |  1- 3 |  4- 6 |  7- 9 || total
-------------------------+-------+-------+-------++-------
Melee: Long sword        |   123 |   181 |   272 ||   576
       Kick              |     3 |    52 |    28 ||    83
Throw: Dart              |     5 |     2 |    58 ||    65
       Stone             |       |       |     3 ||     3
Invok: Upheaval          |       |     2 |     4 ||     6
  Use: Potion            |     1 |     1 |     2 ||     4
       Scroll            |       |     1 |     5 ||     6
Armor: Chain mail        |    85 |    82 |   122 ||   289
       Scale mail        |     2 |       |       ||     2
Dodge: Dodged            |    23 |    49 |    64 ||   136
Block: Kite shield       |    92 |    12 |       ||   104
       Buckler           |       |    69 |   131 ||   200
       Rpst.: Long sword |     7 |    16 |    17 ||    40
